| TOP OF THE 1ST |
|
Rome Braves batting - Pitching for Cincinnati (NYP) Reds : RHP Mike Stabb
|
|
Pitching: RHP Mike Stabb
|
|
|
Batting: RHB Carlos Livas
|
0-0: Ball 1-0: Ball 2-0: Called Strike 2-1: Foul Ball, location: 2F 2-2: SINGLE (Groundball, 25, EV 66.2 MPH) (infield hit)
|
|
Batting: RHB Dave Pizarro
|
0-0: Ball Carlos Livas steals 2nd base (no throw) 1-0: Foul Ball, location: 2F 1-1: Called Strike 1-2: Ball 2-2: Foul Ball, location: 2F 2-2: Foul Ball, location: 2F 2-2: Strikes out swinging
|
|
Batting: RHB Rafael Reyes
|
0-0: Called Strike 0-1: Ball 1-1: Ball 2-1: Called Strike Carlos Livas steals 3rd base 2-2: Ball 3-2: Strikes out looking
|
|
Batting: LHB Mitsujiro Tanaka
|
0-0: Called Strike 0-1: Called Strike 0-2: Ball 1-2: Strikes out looking
|
| Top of the 1st over - 0 runs, 1 hit, 0 errors, 1 left on base; Rome 0 - Cincinnati (NYP) 0 |
| BOTTOM OF THE 1ST |
|
Cincinnati (NYP) Reds batting - Pitching for Rome Braves : LHP Jose Geraldo
|
|
Pitching: LHP Jose Geraldo
|
|
|
Batting: RHB Toki Takeuchi
|
0-0: Ball 1-0: Ground out 5-3 (Groundball, 56, EV 85.0 MPH)
|
|
Batting: LHB Yasuo Igarashi
|
0-0: Called Strike 0-1: Ball 1-1: Ball 2-1: Swinging Strike 2-2: Ball 3-2: Strikes out swinging
|
|
Batting: RHB Nick Moreno
|
0-0: Foul Ball, location: 2F 0-1: Foul Ball, location: 2F 0-2: Ground out 6-3 (Groundball, 6, EV 86.9 MPH)
|
| Bottom of the 1st over - 0 runs, 0 hits, 0 errors, 0 left on base; Rome 0 - Cincinnati (NYP) 0 |
| TOP OF THE 2ND |
|
Rome Braves batting - Pitching for Cincinnati (NYP) Reds : RHP Mike Stabb
|
|
Batting: RHB Tony Cabrera
|
0-0: Ball 1-0: Reached on error, E6 (Groundball, 6D, EV 89.4 MPH)
|
|
Batting: RHB Yutaka Yamane
|
0-0: Ball Tony Cabrera steals 2nd base 1-0: Called Strike 1-1: Ball 2-1: Ball 3-1: DOUBLE (Flyball, 8LXD, EV 98.8 MPH) Tony Cabrera scores
|
|
Batting: RHB Gebre-Giorgios Wangondu
|
0-0: Ball 1-0: Called Strike 1-1: Ball 2-1: Swinging Strike 2-2: Foul Ball, location: 2F 2-2: Ball Passed Ball! Yutaka Yamane to third 3-2: Base on Balls
|
|
Batting: LHB Jason Herr
|
0-0: Called Strike Gebre-Giorgios Wangondu steals 2nd, throwing error, E2 Yutaka Yamane scores Gebre-Giorgios Wangondu to third 0-1: Fly out, F7 (Flyball, 7D, EV 75.0 MPH) Runner from 3rd tags up, SCORES, no throw by LF
|
|
Batting: RHB Mike Bergin
|
0-0: Called Strike 0-1: Foul Ball, location: 2F 0-2: Strikes out swinging
|
|
Batting: RHB Carlos Livas
|
0-0: Ball 1-0: Ball 2-0: Foul Ball, location: 2F 2-1: Foul Ball, location: 2F 2-2: Ball 3-2: Base on Balls
|
|
Batting: RHB Dave Pizarro
|
0-0: Called Strike Carlos Livas steals 2nd base (no throw) 0-1: TRIPLE (Flyball, 78XD, EV 106.2 MPH) Carlos Livas scores
|
|
Batting: RHB Rafael Reyes
|
0-0: Ball 1-0: Swinging Strike Passed Ball! Dave Pizarro scores 1-1: Ball 2-1: Foul Ball, location: 2F 2-2: Ball 3-2: Base on Balls
|
|
Pitching: RHP Kevin Nabity
|
|
|
Batting: LHB Mitsujiro Tanaka
|
0-0: Ball Rafael Reyes steals 2nd base 1-0: Called Strike 1-1: Swinging Strike 1-2: Ball 2-2: Strikes out swinging
|
| Top of the 2nd over - 5 runs, 2 hits, 2 errors, 1 left on base; Rome 5 - Cincinnati (NYP) 0 |
| BOTTOM OF THE 2ND |
|
Cincinnati (NYP) Reds batting - Pitching for Rome Braves : LHP Jose Geraldo
|
|
Batting: RHB Freddie Brown
|
0-0: Ball 1-0: Called Strike 1-1: Ball 2-1: Ball 3-1: Swinging Strike 3-2: Base on Balls
|
|
Batting: RHB Steve Moore
|
0-0: Called Strike 0-1: Ball 1-1: Swinging Strike 1-2: Ball 2-2: Strikes out swinging
|
|
Batting: RHB Chris Zamora
|
0-0: Called Strike 0-1: Ball 1-1: Swinging Strike 1-2: Foul Ball, location: 2F 1-2: Foul Ball, location: 2F 1-2: DOUBLE (Flyball, 89D, EV 95.6 MPH) Freddie Brown to third
|
|
Batting: LHB Fernando Gomez
|
0-0: Called Strike 0-1: Fly out, F7 (Flyball, 78S, EV 83.8 MPH)
|
|
Batting: RHB Ch'ang-chieh Hsia
|
0-0: Ball 1-0: Swinging Strike 1-1: Ground out 4-3 (Groundball, 4S, EV 93.1 MPH)
|
| Bottom of the 2nd over - 0 runs, 1 hit, 0 errors, 2 left on base; Rome 5 - Cincinnati (NYP) 0 |
| TOP OF THE 3RD |
|
Rome Braves batting - Pitching for Cincinnati (NYP) Reds : RHP Kevin Nabity
|
|
Batting: RHB Tony Cabrera
|
0-0: Ball 1-0: Foul Ball, location: 2F 1-1: Fly out, F2 (Popup, 23F, EV 89.4 MPH)
|
|
Batting: RHB Yutaka Yamane
|
0-0: Foul Ball, location: 2F 0-1: Ball 1-1: Foul Ball, location: 2F 1-2: Strikes out swinging
|
|
Batting: RHB Gebre-Giorgios Wangondu
|
0-0: Ball 1-0: Foul Ball, location: 2F 1-1: Swinging Strike 1-2: DOUBLE (Line Drive, 89M, EV 111.2 MPH)
|
|
Batting: LHB Jason Herr
|
0-0: Foul Ball, location: 2F 0-1: Swinging Strike 0-2: Fly out, F8 (Flyball, 8LD, EV 92.5 MPH)
|
| Top of the 3rd over - 0 runs, 1 hit, 0 errors, 1 left on base; Rome 5 - Cincinnati (NYP) 0 |
| BOTTOM OF THE 3RD |
|
Cincinnati (NYP) Reds batting - Pitching for Rome Braves : LHP Jose Geraldo
|
|
Batting: LHB Alex Ramos
|
0-0: Called Strike 0-1: Swinging Strike 0-2: Strikes out swinging, 2-3 out at first.
|
|
Batting: RHB Toki Takeuchi
|
0-0: Called Strike 0-1: Foul Ball, location: 2F 0-2: Strikes out looking
|
|
Batting: LHB Yasuo Igarashi
|
0-0: Ball 1-0: Swinging Strike 1-1: Hit by Pitch
|
|
Batting: RHB Nick Moreno
|
0-0: Fly out, F8 (Flyball, 8LS, EV 87.5 MPH)
|
| Bottom of the 3rd over - 0 runs, 0 hits, 0 errors, 1 left on base; Rome 5 - Cincinnati (NYP) 0 |
| TOP OF THE 4TH |
|
Rome Braves batting - Pitching for Cincinnati (NYP) Reds : RHP Kevin Nabity
|
|
Batting: RHB Mike Bergin
|
0-0: Called Strike 0-1: Swinging Strike 0-2: Foul Ball, location: 2F 0-2: Foul Ball, location: 2F 0-2: SINGLE (Groundball, 4MD, EV 103.1 MPH)
|
|
Batting: RHB Carlos Livas
|
0-0: Called Strike 0-1: Ball 1-1: Reached on error, E6 (Groundball, 56, EV 95.6 MPH) Mike Bergin to second
|
|
Pitching: LHP Andres Lobato
|
|
|
Batting: RHB Dave Pizarro
|
0-0: Called Strike 0-1: Called Strike 0-2: Strikes out swinging
|
|
Batting: RHB Rafael Reyes
|
0-0: Ball 1-0: Fielders Choice at 2nd, 1-6 (Groundball, 13S, EV 68.1 MPH) Mike Bergin to third
|
|
Batting: LHB Mitsujiro Tanaka
|
0-0: Ball Rafael Reyes steals 2nd base 1-0: Called Strike 1-1: Ball 2-1: Called Strike 2-2: Ball 3-2: Strikes out swinging
|
| Top of the 4th over - 0 runs, 1 hit, 1 error, 2 left on base; Rome 5 - Cincinnati (NYP) 0 |
| BOTTOM OF THE 4TH |
|
Cincinnati (NYP) Reds batting - Pitching for Rome Braves : LHP Jose Geraldo
|
|
Batting: RHB Freddie Brown
|
0-0: Called Strike 0-1: Ball 1-1: Called Strike 1-2: Ball 2-2: Foul Ball, location: 2F 2-2: Foul Ball, location: 2F 2-2: Ground out 3-1 (Groundball, 34S, EV 81.2 MPH)
|
|
Batting: RHB Steve Moore
|
0-0: Foul Ball, location: 2F 0-1: Ball 1-1: Foul Ball, location: 2F 1-2: Strikes out swinging
|
|
Batting: RHB Chris Zamora
|
0-0: Called Strike 0-1: Swinging Strike 0-2: Ball 1-2: Ball 2-2: Ball 3-2: Ground out 6-3 (Groundball, 6, EV 84.4 MPH)
|
| Bottom of the 4th over - 0 runs, 0 hits, 0 errors, 0 left on base; Rome 5 - Cincinnati (NYP) 0 |
| TOP OF THE 5TH |
|
Rome Braves batting - Pitching for Cincinnati (NYP) Reds : LHP Andres Lobato
|
|
Batting: RHB Tony Cabrera
|
0-0: Fly out, F8 (Flyball, 8LXD, EV 110.6 MPH)
|
|
Batting: RHB Yutaka Yamane
|
0-0: Called Strike 0-1: Ball 1-1: Ball 2-1: Called Strike 2-2: Ball 3-2: Foul Ball, location: 2F 3-2: Ground out 6-3 (Groundball, 6, EV 84.4 MPH)
|
|
Batting: RHB Gebre-Giorgios Wangondu
|
0-0: Ball 1-0: Foul Ball, location: 2F 1-1: TRIPLE (Flyball, 7D, EV 110.0 MPH)
|
|
Pitching: RHP Damian Molina
|
|
|
Batting: LHB Jason Herr
|
0-0: Ball 1-0: Fly out, F9 (Flyball, 89S, EV 89.4 MPH)
|
| Top of the 5th over - 0 runs, 1 hit, 0 errors, 1 left on base; Rome 5 - Cincinnati (NYP) 0 |
| BOTTOM OF THE 5TH |
|
Cincinnati (NYP) Reds batting - Pitching for Rome Braves : LHP Jose Geraldo
|
|
Batting: LHB Fernando Gomez
|
0-0: Ball 1-0: Ground out 1-3 (Groundball, 13S, EV 68.1 MPH)
|
|
Batting: RHB Ch'ang-chieh Hsia
|
0-0: DOUBLE (Flyball, 8RXD, EV 93.8 MPH)
|
|
Batting: LHB Alex Ramos
|
0-0: Ball 1-0: Fly out, F9 (Flyball, 9, EV 86.2 MPH)
|
|
Batting: RHB Toki Takeuchi
|
0-0: Called Strike 0-1: Called Strike 0-2: Ball 1-2: SINGLE (Groundball, 34D, EV 101.2 MPH) Ch'ang-chieh Hsia to third Runner from 3rd tries for Home, SAFE, throw by RF to home
|
|
Batting: LHB Yasuo Igarashi
|
0-0: Ball 1-0: Ball Toki Takeuchi steals 2nd base 2-0: Ground out U3 (Groundball, 23, EV 83.8 MPH)
|
| Bottom of the 5th over - 1 run, 2 hits, 0 errors, 1 left on base; Rome 5 - Cincinnati (NYP) 1 |
| TOP OF THE 6TH |
|
Rome Braves batting - Pitching for Cincinnati (NYP) Reds : RHP Damian Molina
|
|
Batting: RHB Mike Bergin
|
0-0: Ball 1-0: Fly out, F8 (Line Drive, 8RS, EV 97.5 MPH)
|
|
Batting: RHB Carlos Livas
|
0-0: Ball 1-0: Ground out 6-3 (Groundball, 6, EV 102.5 MPH)
|
|
Batting: RHB Dave Pizarro
|
0-0: Ground out 4-3 (Groundball, 4, EV 83.1 MPH)
|
| Top of the 6th over - 0 runs, 0 hits, 0 errors, 0 left on base; Rome 5 - Cincinnati (NYP) 1 |
| BOTTOM OF THE 6TH |
|
Cincinnati (NYP) Reds batting - Pitching for Rome Braves : LHP Jose Geraldo
|
|
Batting: RHB Nick Moreno
|
0-0: Called Strike 0-1: Ball 1-1: Swinging Strike 1-2: Strikes out swinging
|
|
Batting: RHB Freddie Brown
|
0-0: Called Strike 0-1: Ball 1-1: Foul Ball, location: 2F 1-2: Ball 2-2: Ball 3-2: Base on Balls
|
|
Batting: RHB Steve Moore
|
0-0: Foul Ball, location: 2F 0-1: Ball 1-1: Ball 2-1: Ball 3-1: Foul Ball, location: 2F 3-2: Foul Ball, location: 2F 3-2: Fly out, F5 (Line Drive, 5, EV 76.2 MPH)
|
|
Batting: RHB Chris Zamora
|
0-0: Fielders Choice at 2nd, 6-4 (Groundball, 6, EV 79.4 MPH)
|
| Bottom of the 6th over - 0 runs, 0 hits, 0 errors, 1 left on base; Rome 5 - Cincinnati (NYP) 1 |
| TOP OF THE 7TH |
|
Rome Braves batting - Pitching for Cincinnati (NYP) Reds : RHP Damian Molina
|
|
Batting: RHB Rafael Reyes
|
0-0: Foul Ball, location: 2F 0-1: Ball 1-1: Ball 2-1: Foul Ball, location: 2F 2-2: Strikes out looking
|
|
Batting: LHB Mitsujiro Tanaka
|
0-0: Ball 1-0: Ground out U3 (Groundball, 34, EV 80.0 MPH)
|
|
Batting: RHB Tony Cabrera
|
0-0: Foul Ball, location: 2F 0-1: Ball 1-1: Ball 2-1: Foul Ball, location: 2F 2-2: Ball 3-2: Foul Ball, location: 2F 3-2: Strikes out looking
|
| Top of the 7th over - 0 runs, 0 hits, 0 errors, 0 left on base; Rome 5 - Cincinnati (NYP) 1 |
| BOTTOM OF THE 7TH |
|
Cincinnati (NYP) Reds batting - Pitching for Rome Braves : LHP Jose Geraldo
|
|
Batting: LHB Fernando Gomez
|
0-0: Called Strike 0-1: Ball 1-1: Ball 2-1: Called Strike 2-2: Strikes out swinging
|
|
Batting: RHB Ch'ang-chieh Hsia
|
0-0: Called Strike 0-1: Ball 1-1: Foul Ball, location: 2F 1-2: SINGLE (Groundball, 4MD, EV 97.5 MPH)
|
|
Pitching: RHP Tyler Duffy
|
|
|
Batting: LHB Alex Ramos
|
0-0: Ball 1-0: Foul Ball, location: 2F 1-1: DOUBLE (Line Drive, 3D, EV 110.0 MPH) Ch'ang-chieh Hsia to third Runner from 3rd tries for Home, SAFE, throw by RF to trailing runner, SAFE at third!
|
|
Batting: RHB Toki Takeuchi
|
0-0: Ball 1-0: Ball 2-0: Called Strike 2-1: Ground out 5-3 (Groundball, 5, EV 100.0 MPH)
|
|
Batting: LHB Yasuo Igarashi
|
0-0: Called Strike 0-1: Ball 1-1: Swinging Strike 1-2: Ball 2-2: SINGLE (Groundball, 56, EV 100.0 MPH) Alex Ramos scores
|
|
Batting: RHB Nick Moreno
|
0-0: Called Strike 0-1: Ball Passed Ball! Yasuo Igarashi to second 1-1: Ball 2-1: Ball 3-1: Fly out, F8 (Flyball, 8RM, EV 96.2 MPH)
|
| Bottom of the 7th over - 2 runs, 3 hits, 0 errors, 1 left on base; Rome 5 - Cincinnati (NYP) 3 |
| TOP OF THE 8TH |
|
Rome Braves batting - Pitching for Cincinnati (NYP) Reds : RHP Damian Molina
|
|
Batting: RHB Yutaka Yamane
|
0-0: Ball 1-0: Foul Ball, location: 2F 1-1: Foul Ball, location: 2F 1-2: Foul Ball, location: 2F 1-2: Strikes out swinging
|
|
Batting: RHB Gebre-Giorgios Wangondu
|
0-0: TRIPLE (Flyball, 89XD, EV 107.5 MPH)
|
|
Batting: LHB Jason Herr
|
0-0: Intentional Walk
|
|
Batting: RHB Mike Bergin
|
0-0: Called Strike 0-1: Ball 1-1: Swinging Strike 1-2: Foul Ball, location: 2F 1-2: Strikes out looking
|
|
Batting: RHB Carlos Livas
|
0-0: Ground out 4-3 (Groundball, 4, EV 106.9 MPH)
|
| Top of the 8th over - 0 runs, 1 hit, 0 errors, 2 left on base; Rome 5 - Cincinnati (NYP) 3 |
| BOTTOM OF THE 8TH |
|
Cincinnati (NYP) Reds batting - Pitching for Rome Braves : RHP Tyler Duffy
|
|
Batting: RHB Freddie Brown
|
0-0: Ball 1-0: SINGLE (Groundball, 4D, EV 98.8 MPH)
|
|
Pinch Hitting: LHB Cesar Arteaga
|
0-0: Grounds into double play, 4-6-3 (Groundball, 34, EV 87.5 MPH)
|
|
Batting: RHB Chris Zamora
|
0-0: SINGLE (Groundball, 34, EV 97.5 MPH)
|
|
Batting: LHB Fernando Gomez
|
0-0: Foul Ball, location: 2F 0-1: Ball 1-1: Ball 2-1: Ball 3-1: Fly out, F7 (Flyball, 7, EV 80.0 MPH)
|
| Bottom of the 8th over - 0 runs, 2 hits, 0 errors, 1 left on base; Rome 5 - Cincinnati (NYP) 3 |
| TOP OF THE 9TH |
|
Rome Braves batting - Pitching for Cincinnati (NYP) Reds : RHP Damian Molina
|
|
Now at 1B: Cesar Arteaga
|
|
|
Now at 3B: Chris Zamora
|
|
|
Batting: RHB Dave Pizarro
|
0-0: Foul Ball, location: 2F 0-1: Ball 1-1: SINGLE (Line Drive, 6MD, EV 95.6 MPH)
|
|
Batting: RHB Rafael Reyes
|
0-0: Ball Dave Pizarro steals 2nd base 1-0: Called Strike 1-1: Swinging Strike 1-2: Strikes out swinging
|
|
Batting: LHB Mitsujiro Tanaka
|
0-0: Called Strike 0-1: Ball Wild Pitch! Dave Pizarro to third 1-1: Ball 2-1: Ground out U3 (Groundball, 3L, EV 85.6 MPH)
|
|
Batting: RHB Tony Cabrera
|
0-0: Called Strike 0-1: Swinging Strike 0-2: SINGLE (Flyball, 8RS, EV 92.5 MPH) Dave Pizarro scores
|
|
Batting: RHB Yutaka Yamane
|
0-0: Ball Tony Cabrera steals 2nd base 1-0: Called Strike 1-1: Ball Wild Pitch! Tony Cabrera to third 2-1: Foul Ball, location: 2F 2-2: Ball 3-2: Base on Balls
|
|
Pitching: RHP Toby Riley
|
|
|
Batting: RHB Gebre-Giorgios Wangondu
|
0-0: Called Strike 0-1: Called Strike 0-2: Ball Wild Pitch! Tony Cabrera scores Yutaka Yamane to second 1-2: Ground out 3-1 (Groundball, 34, EV 85.0 MPH)
|
| Top of the 9th over - 2 runs, 2 hits, 0 errors, 1 left on base; Rome 7 - Cincinnati (NYP) 3 |
| BOTTOM OF THE 9TH |
|
Cincinnati (NYP) Reds batting - Pitching for Rome Braves : RHP Tyler Duffy
|
|
Pitching: RHP Andrew Stanek
|
|
|
Batting: RHB Ch'ang-chieh Hsia
|
0-0: Called Strike 0-1: Ball 1-1: Ball 2-1: Foul Ball, location: 2F 2-2: Foul Ball, location: 2F 2-2: Ball 3-2: Base on Balls
|
|
Batting: LHB Alex Ramos
|
0-0: Called Strike 0-1: Swinging Strike 0-2: Ball 1-2: Strikes out swinging
|
|
Batting: RHB Toki Takeuchi
|
0-0: Called Strike 0-1: Ball 1-1: Ground out 5-3 (Groundball, 5S, EV 70.6 MPH) Ch'ang-chieh Hsia to second
|
|
Batting: LHB Yasuo Igarashi
|
0-0: Called Strike 0-1: Called Strike 0-2: Ball Wild Pitch! Ch'ang-chieh Hsia to third 1-2: Ball 2-2: Ball 3-2: Foul Ball, location: 2F 3-2: Foul Ball, location: 2F 3-2: Foul Ball, location: 2F 3-2: Foul Ball, location: 2F 3-2: SINGLE (Groundball, 3S, EV 69.4 MPH) (infield hit) Ch'ang-chieh Hsia scores
|
|
Pitching: RHP Jason Barber
|
|
|
Batting: RHB Nick Moreno
|
0-0: Foul Ball, location: 3F, Error on foul ball, E3 0-1: Ball 1-1: Hit by Pitch Yasuo Igarashi to second
|
|
Batting: RHB Freddie Brown
|
0-0: Ball 1-0: Foul Ball, location: 2F 1-1: Ball 2-1: Swinging Strike 2-2: Ball 3-2: Strikes out swinging
|
| Bottom of the 9th over - 1 run, 1 hit, 1 error, 2 left on base; Rome 7 - Cincinnati (NYP) 4 |
|